 Dungeon Crawl Stone Soup version 0.23.2-1-ga50397a (webtiles) character file.

Game seed: 11649284610462530150

220940 RatmanManrat the Peltast (level 18, 0/134 HPs)
             Began as a Minotaur Berserker on May 3, 2019.
             Was the Champion of Trog.
             Shot with an arrow by a deep elf master archer (14 damage)
             ... on level 3 of the Elven Halls on May 8, 2019.
             The game lasted 02:11:33 (28986 turns).

RatmanManrat the Peltast (Minotaur Berserker)      Turns: 28986, Time: 02:11:38

Health: 0/134      AC: 34    Str: 24    XL:     18   Next: 49%
Magic:  10/10      EV: 25    Int:  9    God:    Trog [******]
Gold:   2175       SH:  0    Dex: 21    Spells: 17/17 levels left

rFire    x . .     SeeInvis +   B - +5 demon whip (antimagic)
rCold    . . .     Gourm    .   (no shield)
rNeg     . . .     Faith    .   y - +11 chain mail of the Beginning {rElec rF- SInv}
rPois    .         Spirit   .   I - +3 hat of Pondering {ponderous, MR+ MP+10 Int+5}
rElec    +         Reflect  .   q - +0 cloak
rCorr    +         Harm     .   C - +2 pair of gloves {Dex+3}
MR       ++...                  (no boots)
Stlth    ..........             v - amulet of regeneration
HPRegen  0.72/turn              T - +4 ring of evasion
MPRegen  0.12/turn              O - ring of resist corrosion

@: lethally poisoned (0 -> -6), marked, slow
A: retaliatory headbutt, horns 2, talons 1, agile 1, blurry vision 1, frail 2,
screaming 1, MP-powered wands
}: 1/15 runes: serpentine
a: Berserk, Trog's Hand, Brothers in Arms, Renounce Religion


You were on level 3 of the Elven Halls.
You worshipped Trog.
Trog was exalted by your worship.
You were not hungry.

You visited 6 branches of the dungeon, and saw 31 of its levels.
You also visited: Bailey and Ice Cave.

You collected 2708 gold pieces.
You spent 533 gold pieces at shops.

Inventory:

Hand Weapons
 B - a +5 antimagic demon whip (weapon)
 J - a +0 hand crossbow
 L - the +6 flail of Freehold {protect, *Rage rF+ Dex+3}
   (Trog gifted it to you on level 2 of the Elven Halls)

   It protects the one who uses it against injury (+AC on strike).
   It affects your dexterity (+3).
   It protects you from fire.
   It may make you go berserk in combat.
 P - a +8 demon whip of freezing
 Q - a +2 mace of holy wrath
Missiles
 D - 464 bolts
Armour
 q - a +0 cloak (worn)
 y - the +11 chain mail of the Beginning (worn) {rElec rF- SInv}
   (You found it on level 6 of the Dungeon)

   It makes you vulnerable to fire.
   It insulates you from electricity.
   It lets you see invisible.
 C - a +2 pair of gloves of dexterity (worn)
 I - the +3 hat of Pondering (worn) {ponderous, MR+ MP+10 Int+5}
   (You bought it in a shop on level 4 of the Snake Pit)

   It affects your intelligence (+5).
   It affects your resistance to hostile enchantments.
   It affects your magic capacity (+10).
 U - a +5 large shield
Jewellery
 r - an uncursed ring of flight
 s - an uncursed ring of protection from fire
 v - an amulet of regeneration (around neck)
 O - a ring of resist corrosion (right hand)
 T - a +4 ring of evasion (left hand)
 Z - an uncursed ring of poison resistance
Wands
 f - a wand of paralysis (15)
 g - a wand of clouds (3)
 j - a wand of random effects (58)
 t - a wand of disintegration (17)
 w - a wand of iceblast (45)
 E - a wand of flame (9)
 G - a wand of acid (18)
 H - a wand of enslavement (11)
Scrolls
 b - 2 scrolls of fear
 d - 19 scrolls of remove curse
 e - a scroll of silence
 i - 12 scrolls of identify
 m - 6 scrolls of fog
 n - 6 scrolls of teleportation
 o - 5 scrolls of blinking
 M - 2 scrolls of acquirement
 V - a scroll of brand weapon
 W - 5 scrolls of enchant weapon
 X - a scroll of magic mapping
 Y - a scroll of summoning
Potions
 a - 15 potions of curing
 h - 5 potions of haste
 l - 4 potions of heal wounds
 p - 2 potions of resistance
 u - 3 potions of flight
 x - a potion of invisibility
 z - 5 potions of ambrosia
 A - 5 potions of lignification
 F - 5 potions of might
 N - 2 potions of magic
 R - 3 potions of berserk rage
 S - 4 potions of brilliance
Miscellaneous
 k - a lamp of fire (inert)
Comestibles
 c - 67 rations
 K - a chunk of flesh


   Skills:
 + Level 16.6 Fighting
 - Level 12.0 Maces & Flails
 - Level 18.0 Armour
 + Level 16.4 Dodging
 * Level 20.8 Shields
 - Level 6.0 Evocations


You had 17 spell levels left.
You didn't know any spells.
Your spell library was empty.

Dungeon Overview and Level Annotations

Branches:
Dungeon (15/15)            Temple (0/1) D:5            Lair (6/6) D:9
 Shoals (0/4) Lair:3        Snake (4/4) Lair:2        Slime (1/5) Lair:5
    Orc (2/2) D:9             Elf (3/3) Orc:2        Vaults (0/5) D:14
 Depths (0/5) D:15

Altars:
Dithmenos
Elyvilon
Makhleb
Trog
Wu Jian
Yredelemnul
Beogh

Shops:
D:4 }   D:6 }   D:13 :=(*:   Orc:2 =[*(   Elf:1 [   Elf:2 *   Elf:3 !
Snake:2 (=   Snake:4 !![[

Portals:
Trove: D:13 (give 7 potions of agility)


Innate Abilities, Weirdness & Mutations

You reflexively headbutt those who attack you in melee.
You have a pair of horns on your head.
You have sharp toenails.
You are agile. (Dex +2)
Scrolls take you a little longer to read.
You are very frail. (-20% HP)
You occasionally shout uncontrollably at your foes.
You expend magic power (3 MP) to strengthen your wands.


Message History

The deep elf annihilator blinks!
You whack the deep elf annihilator!
The deep elf annihilator's magic leaks into the air.
You claw the deep elf annihilator. You headbutt the deep elf annihilator!
The deep elf annihilator is severely wounded.
The deep elf master archer is engulfed in blazing flames.
The deep elf master archer shoots an arrow.
The arrow hits you!
* * * LOW HITPOINT WARNING * * *
The deep elf annihilator casts a spell at you.
The poison arrow hits you!
You are poisoned.
* * * LOW HITPOINT WARNING * * *
You feel sick.
A +1 short sword of freezing comes into view.
The deep elf high priest is engulfed in blazing flames.
The deep elf master archer is engulfed in blazing flames.
The deep elf master archer shoots an arrow.
The arrow hits you!
You die...

###.......##.###.#.#
#................#
##.....#.#.###.###
#.....#.#^###.#
#...........#.#
#.............#
##....##.....###
###..###..#.###.##
#..## ###.##
##@###### #.# #.
#.(##..## #.# #.
##e.(e§..## ..# ##
#.#.##ee§§# .)#
########()# ..##
#.§# ..<##### #..#
##...#.# #ee#
#....## #.)#


You could see a deep elf blademaster, a deep elf master archer, a deep elf
annihilator, a deep elf high priest and a +1 short sword of freezing.

Vanquished Creatures
  Vashnia (Snake:4)
  A deep elf blademaster (Elf:2)
  The ghost of Aske the Swashbuckler, an adept KoBe of Trog (Elf:3)
  Donald (Snake:3)
  13 nagarajas
  A deep elf sorcerer (Elf:3)
  An orc warlord (Orc:2)
  Aizul (Snake:3)
  2 deep elf elementalists
  A deep elf annihilator (Elf:3)
  Azrael (Orc:2)
  2 deep elf death magi
  Josephine (Lair:6)
  An ettin (Orc:1)
  A fire dragon (shapeshifter) (Elf:3)
  A deep elf high priest (Elf:3)
  2 hydras
  3 catoblepae (Lair:6)
  22 naga warriors
  9 two-headed ogres
  4 centaur warriors
  5 anacondas
  26 dancing weapons
  7 death yaks (Lair:6)
  2 ogre magi (D:15)
  5 shock serpents
  A tengu warrior (D:13)
  2 orc high priests
  Urug (Orc:2)
  8 deep elf knights
  24 naga sharpshooters
  2 salamander mystics
  2 wizards (D:15)
  A harpy (shapeshifter) (Elf:1)
  5 naga ritualists (Snake:4)
  9 deep elf archers
  2 wolf spider zombies (D:13)
  5 orc knights
  45 deep elf magi
  3 ugly things
  A necromancer (IceCv)
  7 orc sorcerers
  A shining eye (shapeshifter) (D:13)
  6 mana vipers
  5 manticores
  5 elephants (Lair:6)
  7 salamanders
  A faun (Lair:1)
  3 oklob plants
  3 cyclopes
  18 black mambas
  An ice statue (IceCv)
  2 centaur zombies (D:15)
  17 naga magi
  7 guardian serpents (Snake:4)
  3 kobold demonologists (D:13)
  6 komodo dragons
  5 rime drakes
  8 spiny frogs
  12 freezing wraiths
  A tengu conjurer (D:13)
  3 polar bears
  A queen bee (Lair:3)
  4 trolls
  A troll (shapeshifter) (Elf:1)
  A wind drake (shapeshifter) (D:15)
  A hornet (shapeshifter) (D:14)
  A meliai (shapeshifter) (D:14)
  A dream sheep (shapeshifter) (D:14)
  5 dream sheep (Lair:5)
  10 hippogriffs
  24 blink frogs
  7 redbacks (Elf:3)
  30 yaks
  6 water elementals
  4 wraiths
  4 wyverns
  A tarantella (shapeshifter) (D:14)
  8 basilisks
  A shadow (D:15)
  5 air elementals
  6 fire elementals
  4 fire bats (Elf:2)
  2 death yak simulacra (IceCv)
  2 hungry ghosts
  3 vampire mosquitoes (D:15)
  2 wargs (Orc:1)
  48 nagas
  An acid dragon (D:13)
  11 water moccasins
  4 hell hounds (Orc:2)
  7 porcupines
  32 orc warriors
  5 sky beasts
  2 phantoms
  9 ice beasts
  2 black bears
  An alligator simulacrum (IceCv)
  10 ogres
  The ghost of diana the Chopper, an amateur DsGl (D:3)
  55 wolves
  16 centaurs
  12 crocodiles
  Blork the orc (D:4)
  16 bullfrogs
  A big kobold (D:7)
  A gnoll sergeant (D:8)
  2 wyvern zombies
  An earth elemental (Elf:2)
  2 scorpions
  An elephant simulacrum (IceCv)
  A water moccasin skeleton (D:10)
  5 wights (D:6)
  26 killer bees
  2 howler monkeys
  7 electric eels
  9 crimson imps
  2 draconian simulacra (IceCv)
  A lava snake (Lair:6)
  A quasit (D:12)
  6 hounds
  10 jellies
  10 orc priests
  19 orc wizards
  A bullfrog skeleton (D:4)
  Jessica (D:2)
  4 centaur skeletons
  5 iguanas
  9 worker ants
  7 troll simulacra (IceCv)
  A spriggan simulacrum (IceCv)
  A centaur simulacrum (IceCv)
  A hound skeleton (D:9)
  2 howler monkey zombies
  2 worker ant zombies
  17 gnolls
  2 howler monkey skeletons
  12 adders
  6 naga simulacra (IceCv)
  3 ogre simulacra (IceCv)
  4 shadow imps
  12 white imps (IceCv)
  2 oozes
  An adder skeleton (D:4)
  An adder zombie (D:5)
  3 worms
  A dart slug (D:3)
  2 leopard geckos
  62 orcs
  8 giant cockroaches
  17 goblins
  6 hobgoblins
  3 jackals (D:9)
  3 quokkas
  5 ball pythons
  8 bats
  3 frilled lizards
  15 kobolds
  A leopard gecko skeleton (D:7)
  A quokka skeleton (D:5)
  7 rats
  A fire vortex (Lair:6)
  3 fungi (Lair:6)
  2 plants
1066 creatures vanquished.

Vanquished Creatures (collateral kills)
  2 nagarajas (Snake:4)
  A naga sharpshooter (Snake:4)
  An orc knight (Orc:2)
  An orc sorcerer (Orc:2)
  A naga (Snake:4)
6 creatures vanquished.

Vanquished Creatures (others)
  A deep elf knight (Elf:1)
  A deep elf mage (Elf:2)
  A redback (Elf:3)
  A naga (Snake:4)
  A fungus (D:9)
  4 plants
9 creatures vanquished.

Grand Total: 1081 creatures vanquished

Notes
Turn   | Place    | Note
-------+----------+-------------------------------------------
     0 | D:1      | RatmanManrat the Minotaur Berserker began the quest for the
                  | Orb.
     0 | D:1      | Reached XP level 1. HP: 19/19 MP: 0/0
   247 | D:1      | Reached XP level 2. HP: 8/26 MP: 1/1
  1021 | D:2      | Reached skill level 5 in Maces & Flails
  1124 | D:2      | Reached XP level 3. HP: 26/31 MP: 2/2
  1349 | D:2      | Noticed Jessica
  1355 | D:2      | Killed Jessica
  1355 | D:2      | Reached XP level 4. HP: 21/39 MP: 3/3
  1770 | D:3      | Found a runed translucent gate.
  1770 | D:3      | Found a runed translucent gate.
  1770 | D:3      | Found a runed translucent gate.
  1773 | D:3      | Reached ** piety under Trog
  1897 | D:3      | Reached XP level 5. HP: 45/45 MP: 4/4
  2072 | D:3      | Noticed diana's ghost (amateur DsGl)
  2288 | D:3      | Killed diana's ghost
  2344 | D:4      | Reached XP level 6. HP: 49/51 MP: 5/5
  2398 | D:4      | Noticed Blork the orc
  2408 | D:4      | Killed Blork the orc
  2598 | D:4      | Found Riffymay's Gadget Boutique.
  2761 | D:5      | Entered Level 5 of the Dungeon
  2947 | D:5      | Noticed a sky beast
  2948 | D:5      | Reached XP level 7. HP: 57/57 MP: 6/6
  2959 | D:5      | Reached *** piety under Trog
  2962 | D:5      | Reached skill level 10 in Maces & Flails
  3154 | D:5      | Found a staircase to the Ecumenical Temple.
  3443 | D:5      | Found a shadowy altar of Dithmenos.
  3443 | D:5      | Found a bloodstained altar of Trog.
  3444 | D:5      | Found a burning altar of Makhleb.
  3694 | D:6      | Reached XP level 8. HP: 63/64 MP: 7/7
  3784 | D:6      | Got a faintly humming chain mail
  3785 | D:6      | Identified the +11 chain mail of the Beginning {rElec rF-
                  | SInv} (You found it on level 6 of the Dungeon)
  4123 | D:6      | Found Ciabacw's Gadget Shop.
  4335 | D:7      | Reached skill level 5 in Armour
  4337 | D:7      | Reached **** piety under Trog
  4347 | D:7      | Noticed a hippogriff
  4359 | D:7      | Killed a hippogriff
  4359 | D:7      | Reached skill level 5 in Fighting
  4361 | D:7      | Reached XP level 9. HP: 74/74 MP: 8/8
  4365 | D:7      | Received a gift from Trog
  4392 | D:7      | Found Heraa's Assorted Antiques.
  4407 | D:7      | Found an ornate altar of the Wu Jian Council.
  4626 | D:7      | Reached skill level 5 in Dodging
  4935 | D:8      | Reached skill level 1 in Shields
  4975 | D:8      | Reached skill level 2 in Shields
  5100 | D:8      | Noticed a two-headed ogre
  5113 | D:8      | Killed a two-headed ogre
  5113 | D:8      | Reached skill level 4 in Shields
  5276 | D:8      | Reached XP level 10. HP: 86/86 MP: 9/9
  5730 | D:8      | Reached skill level 5 in Shields
  5864 | D:9      | Found a staircase to the Orcish Mines.
  5936 | D:9      | Found a staircase to the Lair.
  5958 | D:9      | Reached skill level 6 in Shields
  6057 | D:9      | Reached skill level 7 in Shields
  6062 | D:9      | Found a flagged portal.
  6074 | Bailey   | Entered a bailey
  6106 | Bailey   | Found an iron altar of Okawaru.
  6106 | Bailey   | Noticed an orc sorcerer
  6106 | Bailey   | Noticed an orc sorcerer
  6106 | Bailey   | Noticed an orc knight
  6110 | Bailey   | Noticed a sun demon
  6122 | Bailey   | Noticed an orange demon
  6122 | Bailey   | Killed an orc sorcerer
  6122 | Bailey   | Reached ***** piety under Trog
  6128 | Bailey   | Killed an orc sorcerer
  6135 | Bailey   | Killed an orc knight
  6135 | Bailey   | Reached skill level 8 in Shields
  6339 | Bailey   | Reached XP level 11. HP: 93/95 MP: 10/10
  6567 | Bailey   | Paralysed by a Zot trap for 5 turns
  6690 | Bailey   | Noticed an orc knight
  6702 | Bailey   | Killed an orc knight
  6743 | Bailey   | Noticed an orc knight
  6755 | Bailey   | Killed an orc knight
  6755 | Bailey   | Reached skill level 9 in Shields
  6922 | Bailey   | Gained mutation: You expend magic power (3 MP) to
                  | strengthen your wands. [potion of mutation]
  6922 | Bailey   | Gained mutation: You are agile. (Dex +2) [potion of
                  | mutation]
  6922 | Bailey   | Gained mutation: You have sharp toenails. [potion of
                  | mutation]
  7047 | D:9      | Reached skill level 10 in Armour
  7142 | D:9      | Received a gift from Trog
  7757 | D:10     | Entered Level 10 of the Dungeon
  8355 | D:11     | Noticed a green ugly thing
  8362 | D:11     | Killed a green ugly thing
  8362 | D:11     | Reached skill level 10 in Shields
  9092 | D:12     | Noticed a centaur warrior
  9103 | D:12     | Killed a centaur warrior
  9145 | D:12     | Noticed a green ugly thing
  9152 | D:12     | Killed a green ugly thing
  9152 | D:12     | Reached skill level 10 in Fighting
  9357 | D:12     | Reached skill level 11 in Shields
  9534 | D:12     | Reached XP level 12. HP: 98/106 MP: 11/11
  9916 | D:13     | Received a gift from Trog
  9942 | D:13     | Found Soxicej's Jewellery Shoppe.
  9946 | D:13     | Found Monkey's General Store.
  9952 | D:13     | Found Cogiosucs's Antique Weapon Shop.
  9964 | D:13     | Found a portal to a secret trove of treasure.
 10045 | D:13     | Found Cygamn's Book Boutique.
 10192 | D:13     | Noticed a tengu warrior
 10193 | D:13     | Noticed a centaur warrior
 10200 | D:13     | Killed a tengu warrior
 10205 | D:13     | Killed a centaur warrior
 10208 | D:13     | Reached skill level 12 in Shields
 10225 | D:13     | Noticed a centaur warrior
 10226 | D:13     | Gained mutation: Scrolls take you a little longer to read.
                  | [a shining eye]
 10230 | D:13     | Gained mutation: You are frail. (-10% HP) [a shining eye]
 10232 | D:13     | Gained mutation: You are very frail. (-20% HP) [a shining
                  | eye]
 10236 | D:13     | Gained mutation: You occasionally shout uncontrollably at
                  | your foes. [a shining eye]
 10239 | D:13     | Killed a centaur warrior
 10242 | D:13     | Reached skill level 10 in Dodging
 10311 | D:13     | Found Anaymits's Book Boutique.
 10555 | D:13     | Found a frozen archway.
 10565 | D:13     | Reached skill level 13 in Shields
 10607 | IceCv    | Entered an ice cave
 10913 | IceCv    | Found an ancient bone altar of Kikubaaqudgha.
 10935 | IceCv    | Reached XP level 13. HP: 40/90 MP: 12/12
 10951 | IceCv    | Received a gift from Trog
 11461 | D:13     | Reached skill level 14 in Shields
 12017 | D:14     | Found a gate to the Vaults.
 12184 | D:14     | Found a white marble altar of Elyvilon.
 12427 | D:15     | Entered Level 15 of the Dungeon
 12569 | D:15     | Reached skill level 15 in Shields
 12571 | D:15     | Reached ****** piety under Trog
 12732 | D:15     | Received a gift from Trog
 12926 | D:15     | Found a staircase to the Depths.
 12971 | D:15     | Found a basalt altar of Yredelemnul.
 12997 | D:15     | Received a gift from Trog
 13353 | Orc:1    | Entered Level 1 of the Orcish Mines
 13563 | Orc:2    | Entered Level 2 of the Orcish Mines
 13600 | Orc:2    | Noticed Azrael
 13615 | Orc:2    | Killed Azrael
 13615 | Orc:2    | Reached XP level 14. HP: 71/99 MP: 13/13
 13761 | Orc:2    | Noticed an orc warlord
 13786 | Orc:2    | Killed an orc warlord
 13799 | Orc:2    | Reached skill level 16 in Shields
 13821 | Orc:2    | Noticed Urug
 13892 | Orc:2    | Killed Urug
 13983 | Orc:2    | Found a roughly hewn altar of Beogh.
 13987 | Orc:2    | Found Suasant's Antique Armour Emporium.
 14000 | Orc:2    | Found Tizic's Jewellery Emporium.
 14010 | Orc:2    | Found Wucho's General Store.
 14091 | Orc:2    | Found Holl's Antique Weapon Emporium.
 14379 | Orc:2    | Found a staircase to the Elven Halls.
 14695 | Orc:1    | Received a gift from Trog
 14756 | Orc:1    | Found a roughly hewn altar of Beogh.
 15037 | Lair:1   | Entered Level 1 of the Lair of Beasts
 16056 | Lair:2   | Found a staircase to the Snake Pit.
 16163 | Lair:2   | Got a warped mace
 16170 | Lair:2   | Identified the cursed +1 mace of the Extremes {antimagic,
                  | *Rage rN+++ Int+6} (You found it on level 2 of the Lair of
                  | Beasts)
 16297 | Lair:2   | You fall through a shaft!
 16525 | Lair:3   | Found a staircase to the Shoals.
 16618 | Lair:3   | Received a gift from Trog
 17324 | Lair:4   | Reached skill level 17 in Shields
 17835 | Lair:5   | Got a smelly plate armour
 17838 | Lair:5   | Identified the cursed +1 plate armour of Kelewk {rC- MR+
                  | Int+5} (You found it on level 5 of the Lair of Beasts)
 17965 | Lair:5   | Found a staircase to the Slime Pits.
 18747 | Lair:6   | Entered Level 6 of the Lair of Beasts
 18885 | Lair:6   | Reached XP level 15. HP: 107/107 MP: 14/14
 19129 | Lair:6   | Received a gift from Trog
 19349 | Lair:6   | Noticed Josephine
 19378 | Lair:6   | Reached skill level 18 in Shields
 19381 | Lair:6   | Killed Josephine
 19381 | Lair:6   | Reached skill level 15 in Armour
 20139 | Slime:1  | Entered Level 1 of the Pits of Slime
 20258 | Snake:1  | Entered Level 1 of the Snake Pit
 20480 | Snake:1  | Received a gift from Trog
 20657 | Snake:1  | Reached skill level 1 in Evocations
 21129 | Snake:2  | Found Ceonkaco's Jewellery Shoppe.
 21129 | Snake:2  | Found Jiull's Antique Weapon Emporium.
 21188 | Snake:2  | Noticed a nagaraja
 21196 | Snake:2  | Killed a nagaraja
 21681 | Snake:2  | Reached XP level 16. HP: 115/115 MP: 17/17
 21855 | Snake:3  | Identified the +3 shield of the Disturbing Wonders {rC-
                  | MR+++ rCorr Int-3}
 21855 | Snake:3  | Noticed Donald
 21869 | Snake:3  | Killed Donald
 21906 | Snake:3  | Received a gift from Trog
 22244 | Snake:3  | Noticed Aizul
 22264 | Snake:3  | Killed Aizul
 22434 | Snake:4  | Entered Level 4 of the Snake Pit
 22643 | Snake:4  | Found Zarutwomn's Armour Shop.
 22644 | Snake:4  | Noticed Vashnia
 22688 | Snake:4  | Killed Vashnia
 22780 | Snake:4  | Bought the +3 hat of Pondering {ponderous, MR+ MP+10 Int+5}
                  | for 533 gold pieces
 22780 | Snake:4  | Found the +3 hat of Pondering {ponderous, MR+ MP+10 Int+5}
 22850 | Snake:4  | Reached skill level 19 in Shields
 23065 | Snake:4  | Reached skill level 5 in Evocations
 23068 | Snake:4  | Received a gift from Trog
 23490 | Snake:4  | HP: 5/117 [nagaraja/+0 trident (10)]
 23495 | Snake:3  | HP: 4/117 [poisoned by a nagaraja (poison arrow)]
 23500 | Snake:3  | HP: 5/117 [poisoned by a nagaraja (poison arrow)]
 23835 | Snake:4  | Reached XP level 17. HP: 100/123 MP: 20/20
 24074 | Snake:4  | Reached skill level 15 in Dodging
 24234 | Snake:4  | Found Emyf's Antique Armour Shop.
 24292 | Snake:4  | Found Samimam's Distillery.
 24302 | Snake:4  | Found Dorut's Distillery.
 24513 | Snake:4  | Reached skill level 15 in Fighting
 24618 | Snake:4  | Got a serpentine rune of Zot
 24800 | Snake:4  | Received a gift from Trog
 25281 | Elf:1    | Entered Level 1 of the Elven Halls
 25393 | Elf:1    | Found Weathral's Antique Armour Shop.
 26468 | Elf:1    | HP: 6/124 [poisoned by a +4 hand axe of venom]
 26746 | Elf:1    | Reached skill level 20 in Shields
 26933 | Elf:2    | Received a gift from Trog
 27094 | Elf:2    | Found Jekeoss's Elven Fire.
 27392 | Elf:2    | Found a runed translucent gate.
 27392 | Elf:2    | Found a runed translucent gate.
 27392 | Elf:2    | Found a runed translucent gate.
 27727 | Elf:2    | Reached XP level 18. HP: 79/132 MP: 21/21
 27905 | Elf:2    | Received a gift from Trog
 27947 | Elf:2    | Got a jewelled flail {god gift}
 27950 | Elf:2    | Identified the +6 flail of Freehold {protect, *Rage rF+
                  | Dex+3} (Trog gifted it to you on level 2 of the Elven
                  | Halls)
 28240 | Elf:3    | Entered Level 3 of the Elven Halls
 28251 | Elf:3    | Found Qealeose's Distillery.
 28847 | Elf:3    | Found a runed translucent door.
 28848 | Elf:3    | Noticed Aske's ghost (adept KoBe)
 28869 | Elf:3    | Killed Aske's ghost
 28968 | Elf:3    | Received a gift from Trog
 28986 | Elf:3    | Shot with an arrow by a deep elf master archer

Skill      XL: |  1  2  3  4  5  6  7  8  9 10 11 12 13 14 15 16 17 18 |
---------------+-------------------------------------------------------+-----
Maces & Flails | 4 5 6 8 9 11 12 | 12.0
Armour         | 5 8 9 10 12 13 14 15 16 17 18 | 18.0
Fighting       | 5 7 8 10 11 12 13 14 16 | 16.6
Dodging        | 4 6 7 9 10 11 12 13 14 15 16 | 16.4
Shields        | 4 8 11 13 15 17 18 19 20 | 20.8
Evocations     | 2 5 6 |  6.0

Action                   |  1- 3 |  4- 6 |  7- 9 | 10-12 | 13-15 | 16-18 || total
-------------------------+-------+-------+-------+-------+-------+-------++-------
Melee: Mace              |    35 |       |       |       |       |       ||    35
       Headbutt          |     6 |    16 |    44 |   211 |   364 |   342 ||   983
       Whip              |    27 |    83 |   220 |   721 |    30 |       ||  1081
       Kick              |       |       |       |   224 |   562 |   552 ||  1338
       Demon whip        |       |       |       |       |  1223 |  1185 ||  2408
Invok: Berserk           |       |     1 |     4 |     5 |     5 |     8 ||    23
       Brothers in Arms  |       |       |       |       |     1 |     1 ||     2
Evoke: Wand              |       |       |       |     1 |     4 |     6 ||    11
       Lamp of fire      |       |       |       |       |     1 |     4 ||     5
  Use: Scroll            |       |     8 |     1 |    13 |    16 |     7 ||    45
       Potion            |       |       |       |     5 |       |     6 ||    11
 Stab: Sleeping          |       |     1 |       |       |       |       ||     1
  Eat: Chunk             |     1 |     5 |    12 |    22 |    30 |    15 ||    85
       Ration            |       |       |       |       |     3 |     5 ||     8
Armor: Animal skin       |    14 |     6 |       |       |       |       ||    20
       Leather armour    |       |     4 |    10 |       |       |       ||    14
       Chain mail        |       |       |    74 |   222 |   351 |   350 ||   997
Dodge: Dodged            |    40 |    49 |    71 |   265 |   519 |   504 ||  1448
Block: Buckler           |       |       |       |   148 |    36 |       ||   184
       Shield            |       |       |       |       |   720 |   451 ||  1171
